 Dungeon Crawl Stone Soup version 0.17-a0-1378-g281efdd (webtiles) character file.

613 xgamer67 the Ruffian (level 7, 0/59 HPs)
             Began as a Troll Wizard on June 14, 2015.
             Killed from afar by nubinia's ghost (7 damage)
             ... with a magic dart
             ... on level 5 of the Dungeon.
             The game lasted 00:12:53 (4309 turns).

xgamer67 the Ruffian (Troll Wizard)                 Turns: 4309, Time: 00:12:53

Health: 0/59       AC:  6    Str: 21    XL:     7   Next: 20%
Magic:  9/9        EV:  9    Int: 16    God:
Gold:   271        SH:  0    Dex:  8    Spells: 3 memorised, 5 levels left

rFire  . . .     SeeInvis .       - Unarmed
rCold  . . .     Clarity  .     a - +0 robe
rNeg   . . .     SustAt   .     (no shield)
rPois  .         Gourm    +     b - +0 hat
rElec  .         Spirit   .     s - +0 cloak
rCorr  .         Warding  .     (gloves unavailable)
rMut   .         Stasis   .     (boots unavailable)
MR     .....                    (no amulet)
Stlth  ++........               f - ring of wizardry
                                o - ring of stealth

@: mighty, repel missiles, not resistant to hostile enchantments, unstealthy
A: unfitting armour, claws 3, fast metabolism 3, gourmand, regeneration 2,
shaggy fur 1, tough skin 2
a: no special abilities


You were on level 5 of the Dungeon.
You were completely stuffed.

You visited 1 branch of the dungeon, and saw 5 of its levels.

You collected 271 gold pieces.

Inventory:

Armour
 a - a +0 robe (worn)
 b - a +0 hat (worn)
 r - a +0 large shield
 s - a +0 cloak (worn)
Jewellery
 f - a ring of wizardry (right claw)
 o - a ring of stealth (left claw)
Magical devices
 q - a wand of magic darts (0)
 y - a wand of teleportation (4)
Scrolls
 h - a scroll of blinking
 i - a scroll of amnesia {unknown}
 j - a scroll of recharging {unknown}
 l - a scroll of magic mapping {unknown}
 m - 3 scrolls of remove curse
 n - a scroll of immolation {unknown}
 p - 2 scrolls of teleportation
 x - a scroll of noise {unknown}
Potions
 t - a potion of degeneration {unknown}
 v - a potion of flight
 w - a potion of curing {unknown}
Books
 c - a book of Minor Magic

   Spells                             Type                      Level
   a - Magic Dart                     Conjuration                  1
   b - Blink                          Translocation                2
   c - Call Imp                       Summoning                    2
   d - Repel Missiles                 Charms/Air                   2
   e - Slow                           Hexes                        2
   f - Conjure Flame                  Conjuration/Fire             3
   g - Mephitic Cloud                 Conjuration/Poison/Air       3
Comestibles
 d - 4 bread rations
 g - 3 fruits
 k - 3 meat rations
 z - a chunk of flesh


   Skills:
 - Level 1.5 Dodging
 - Level 1.1 Stealth
 + Level 7.7 Unarmed Combat
 - Level 2.0 Spellcasting
 - Level 0.6 Conjurations
   Level 0.6 Summonings
 - Level 0.6 Translocations


You had 5 spell levels left.
You knew the following spells:

 Your Spells              Type           Power        Failure   Level  Hunger
a - Magic Dart            Conj           #...         7%          1    #......
b - Blink                 Tloc           N/A          10%         2    ###....
c - Repel Missiles        Chrm/Air       #.....       12%         2    ###....


Dungeon Overview and Level Annotations

Branches:
Dungeon (5/15)
 Temple: D:4-7

Altars:
Gozag
Kikubaaqudgha
Makhleb
Qazlal
Ru
Vehumet

Annotations:
D:5 Sigmund; nubinia's ghost, experienced OpWz


Innate Abilities, Weirdness & Mutations

You are too large for most types of armour.
You have claws for hands.
Your metabolism is lightning-fast.
You like to eat raw meat.
You heal very quickly.
You are covered in fur (AC +1).
You have very tough skin (AC +2).


Message History

You hear some strange, mumbled words.
A puff of flame appears from out of thin air!
The puff of flame hits you! Nubinia's ghost barely misses you.
You mangle nubinia's ghost!!
Nubinia's ghost is heavily damaged.
A magic dart appears from out of thin air!
The magic dart hits you!
Nubinia's ghost hits you but does no damage.
You barely miss nubinia's ghost.
Nubinia's ghost is heavily damaged.
You hear some strange, mumbled words.
Something tries to affect you, but you resist.
Nubinia's ghost hits you but does no damage.
You closely miss nubinia's ghost.
Nubinia's ghost is heavily damaged.
Something hits you!
* * * LOW HITPOINT WARNING * * *
Nubinia's ghost casts a spell at you. The magic dart hits you!
You die...

##..#......###
#...#........#
#...#........# .
'...#........# ..
#...'........+ ...
#...#........# ....
##+##........#+####..!..
.......##'##............
.......#...#....@((.....
.......#...#...W(.......
.......#...#...(...##'##
.......#...#.......+
.......+...'.......#
.......#...#.......#
.......#.###.......#
.....# #+ ##+######
.....#


You could see nubinia's ghost.

Vanquished Creatures
  2 centaurs (D:5)
  2 hounds
  A centaur skeleton (D:5)
  2 crimson imps
  An orc wizard (D:4)
  2 worker ants (D:3)
  An iguana (D:3)
  A hound zombie (D:5)
  7 adders
  A shadow imp (D:5)
  3 oozes
  A worm (D:2)
  5 orcs
  5 giant cockroaches
  9 goblins
  3 hobgoblins
  8 jackals (D:3)
  5 quokkas
  16 bats
  7 giant geckos
  5 giant newts
  8 kobolds
  4 rats
99 creatures vanquished.

Vanquished Creatures (others)
  A hobgoblin (D:1)
1 creature vanquished.

Grand Total: 100 creatures vanquished

Notes
Turn   | Place    | Note
--------------------------------------------------------------
     0 | D:1      | xgamer67 the Troll Wizard began the quest for the Orb.
     0 | D:1      | Reached XP level 1. HP: 16/16 MP: 2/2
   100 | D:1      | Reached skill level 1 in Unarmed Combat
   366 | D:1      | Reached XP level 2. HP: 24/24 MP: 4/4
  1413 | D:2      | Reached XP level 3. HP: 31/31 MP: 5/5
  1641 | D:2      | Reached skill level 3 in Unarmed Combat
  1732 | D:2      | HP: 1/31 [poisoned by an adder]
  1737 | D:2      | HP: 1/31 [poisoned by an adder]
  1743 | D:2      | HP: 1/31 [poisoned by an adder]
  1930 | D:2      | Reached XP level 4. HP: 33/39 MP: 4/6
  1955 | D:2      | Learned a level 2 spell: Blink
  1958 | D:2      | Learned a level 2 spell: Repel Missiles
  2512 | D:3      | Found a faded altar to an unknown god.
  2572 | D:3      | Reached skill level 4 in Unarmed Combat
  2713 | D:3      | Found a radiant altar of Vehumet.
  2714 | D:3      | Found a burning altar of Makhleb.
  2750 | D:3      | Found an opulent altar of Gozag.
  2906 | D:3      | Found an ancient bone altar of Kikubaaqudgha.
  2906 | D:3      | Found a sacrificial altar of Ru.
  3306 | D:3      | HP: 1/39 [iguana (12)]
  3331 | D:3      | Reached XP level 5. HP: 28/45 MP: 7/7
  3380 | D:3      | Reached skill level 5 in Unarmed Combat
  3609 | D:4      | Reached XP level 6. HP: 53/53 MP: 8/8
  3650 | D:4      | Reached skill level 6 in Unarmed Combat
  3676 | D:4      | Found a stormy altar of Qazlal.
  3876 | D:5      | Entered Level 5 of the Dungeon
  3983 | D:5      | Reached skill level 7 in Unarmed Combat
  4068 | D:5      | Reached XP level 7. HP: 31/59 MP: 9/9
  4286 | D:5      | Noticed Sigmund
  4292 | D:5      | Noticed nubinia's ghost (experienced OpWz)
  4309 | D:5      | Killed from afar by nubinia's ghost

Vault maps used:
D:1:      dpeg_arrival_chase, serial_forest, infiniplex_forest_end_2,
          infiniplex_forest_straight_4, infiniplex_forest_straight_2,
          infiniplex_forest_clump_curved, infiniplex_forest_lined_3_way,
          infiniplex_forest_clump_cross, nrook_uturn, nrook_loot_triangle,
          lemuel_old_faithful
D:2:      first_bread
D:3:      grunt_temple_overflow_lords_of_destruction,
          nicolae_overflow_crystal_walls, gammafunk_temple_overflow_pools,
          ecumenical_altar_1, kennysheep_generic_room_4
D:4:      grunt_qazlal_sundering
D:5:      nemelex_deck, grunt_decor_fettered, minivault_14, uniq_edmund,
          uniq_sigmund, uniq_prince_ribbit1

Action                   |  1- 3 |  4- 6 |  7- 9 || total
-------------------------+-------+-------+-------++-------
Melee: Unarmed           |   163 |   217 |    31 ||   411
Throw: Javelin           |       |       |     4 ||     4
 Cast: Magic Dart        |     1 |       |       ||     1
       Repel Missiles    |       |     1 |       ||     1
  Use: Potion            |     4 |     2 |     1 ||     7
       Scroll            |     2 |     3 |       ||     5
 Stab: Sleeping          |     4 |     8 |     1 ||    13
       Distracted        |       |     1 |       ||     1
  Eat: Chunk             |    12 |    30 |     2 ||    44
       Beef jerky        |     1 |       |       ||     1
